 Dungeon Crawl Stone Soup version 0.31-a0-229-g1fc7ce93e2 (webtiles) character file.

Game seed: 14835715987073128067

79 Nietzsche the Chopper (level 4, 0/45 HPs)
             Began as an Ogre Gladiator on July 6, 2023.
             Slain by an orc priest
             ... wielding a +0 hand axe
              (7 damage)
             ... on level 3 of the Dungeon.
             The game lasted 00:03:20 (1854 turns).

Nietzsche the Chopper (Ogre Gladiator)              Turns: 1854, Time: 00:03:21

Health: 0/45       AC:  3    Str: 18    XL:     4   Next: 37%
Magic:  6/6        EV: 10    Int: 11    God:
Gold:   94         SH:  0    Dex: 10    Spells: 5/5 levels left

rFire   . . .        a - +0 war axe
rCold   . . .        (no shield)
rNeg    . . .        b - +0 robe
rPois   .            c - +0 hat
rElec   .            (no cloak)
rCorr   .            (gloves unavailable)
SInv    .            (boots unavailable)
Will    .....        (no amulet)
Stlth   +            (no ring)
HPRegen 0.27/turn    (no ring)
MPRegen 0.10/turn

%: no passive effects
@: no status effects
A: large, unfitting armour, tough skin 1
a: no special abilities


You were on level 3 of the Dungeon.
You visited 1 branch of the dungeon, and saw 3 of its levels.

You collected 94 gold pieces.

Inventory:

Hand Weapons
 a - a +0 war axe (weapon)
Missiles
 d - 3 throwing nets (quivered)
 e - a large rock
Armour
 b - a +0 robe (worn)
 c - a +0 hat (worn)
Jewellery
 j - a ring of protection from fire
Scrolls
 i - a scroll of revelation {unknown}
 k - a scroll of fear {unknown}
 m - a scroll of amnesia {unknown}
 n - a scroll of immolation {unknown}
 o - a scroll of blinking {unknown}
 p - a scroll of identify {unknown}
Potions
 f - a potion of brilliance {unknown}
 g - 2 potions of curing {unknown}
 h - a potion of might {unknown}
 l - a potion of cancellation {unknown}


   Skills:
 + Level 3.4 Fighting
 + Level 3.9 Axes
 - Level 2.1 Throwing
 + Level 3.1 Dodging
 - Level 0.1 Stealth
 * Level 1.3 Spellcasting


You had 5 spell levels left.
You didn't know any spells.
Your spell library contained the following spells:

 Spells                   Type           Power      Damage    Failure   Level
 Sandblast                Erth           0%         2d4       30%         1
 Passwall                 Tmut/Erth      0%         N/A       43%         2
 Stone Arrow              Conj/Erth      0%         3d7       67%         3


Dungeon Overview and Level Annotations

Branches:
Dungeon (3/15)

Altars:


Innate Abilities, Weirdness & Mutations

You are too large for most types of armour.
You have tough skin. (AC +1)


Message History

The orc priest is lightly wounded.
The orc priest hits you with a +0 hand axe!
The orc priest hits you with a +0 hand axe.
The orc closely misses you.
The orc priest attacks as you move away!
The orc priest hits you with a +0 hand axe.
The orc attacks as you move away! The orc closely misses you.
The orc attacks as you move away! The orc barely misses you.
The orc priest mumbles some strange prayers to Beogh against you.
Pain shoots through your body!
There is an open door here.
You slash the orc!
You kill the orc!
The orc priest hits you with a +0 hand axe!
There is an open door, spattered with blood here.
You see here a +0 short sword.
You hit the orc priest.
The orc priest is lightly wounded.
The orc priest looks braver for a moment.
You hit the orc priest but do no damage.
The orc priest is lightly wounded.
The orc priest hits you with a +0 hand axe!
The orc priest hits you with a +0 hand axe.
You hit the orc priest but do no damage.
The orc priest is lightly wounded.
The orc priest hits you with a +0 hand axe.
You slash the orc priest! Your punch misses the orc priest.
The orc priest is severely wounded.
The orc priest hits you but does no damage.
You hit the orc priest but do no damage.
The orc priest is severely wounded.
The orc priest hits you with a +0 hand axe.
* * * LOW HITPOINT WARNING * * *
You hit the orc priest but do no damage.
The orc priest is severely wounded.
The orc priest invokes the aid of Beogh against you.
Pain shoots through your body!
* * * LOW HITPOINT WARNING * * *
The orc priest hits you with a +0 hand axe!
You die...

######.## .......####
#........# #..))....#
#...# # #..##.##.##
#.o........ ..
##o######## .#.#.
##@## ...# ##...##
####.### ##.....##
#......# #.......##
##.##.#.#
#.........####...#.#.#
+.........'...........
#.........####.......#
##>......## ##....###
##.....## ##.###


You could see an orc priest and an orc.

Vanquished Creatures
  3 adders
  A worm (D:2)
  3 orcs (D:3)
  3 ball pythons (D:1)
  2 bats
  6 endoplasms
  A giant cockroach (D:2)
  9 goblins
  6 hobgoblins
  2 quokkas (D:1)
  A frilled lizard (D:2)
  2 kobolds (D:1)
  2 rats
41 creatures vanquished.

Notes
Turn   | Place    | Note
-------+----------+-------------------------------------------
     0 | D:1      | Nietzsche the Ogre Gladiator began the quest for the Orb.
     0 | D:1      | Reached XP level 1. HP: 22/22 MP: 1/1
   370 | D:1      | Reached XP level 2. HP: 23/29 MP: 2/2
   375 | D:1      | Found a faded altar of an unknown god.
   375 | D:1      | Noticed a great orb of eyes
   382 | D:1      | Noticed an eye of devastation
   410 | D:1      | Noticed an eye of devastation
   410 | D:1      | Noticed an eye of devastation
   979 | D:2      | Reached XP level 3. HP: 35/37 MP: 3/3
  1340 | D:2      | Reached skill level 1 in Spellcasting
  1521 | D:2      | Reached XP level 4. HP: 38/45 MP: 5/5
  1675 | D:3      | Identified the +3 spear of Axzophos {freeze, Str+7 Int+2}
  1854 | D:3      | Slain by an orc priest

Illustrated notes

Levels and vault maps discovered:
D:1:      co_arrival_random_square_maze, layout_basic,
          hellmonk_ecumenical_altar_watching_god, amcnicky_mini_pool_small
D:2:      layout_loops_cross, st_stairs_12
D:3:      layout_loops_corners

Skill      XL: |  1  2  3 |
---------------+----------+-----
Dodging        | 3 |  3.1
Fighting       | 3 |  3.4
Spellcasting   | 1 |  1.3
Axes           | |  3.9
Throwing       | |  2.1
Stealth        | |  0.1

Action                     |  1- 3 |  4- 6 || total
---------------------------+-------+-------++-------
  Melee: War axe           |    81 |    23 ||   104
         Punch             |     1 |       ||     1
 Armour: Robe              |    32 |     5 ||    37
  Dodge: Dodged            |    44 |    13 ||    57

Table legend: (Time is in decaauts)
 A = Elapsed time spent in this place.
 B = Non-inter-level travel time spent in this place.
 C = Inter-level travel time spent in this place.
 D = Time resting spent in this place.
 E = Time spent auto-exploring this place.
 F = Levels seen in this place.
 G = Mean time per level.
                   A        B        C        D        E       F      G
               +--------+--------+--------+--------+--------+-----+--------+
         Total |   1887 |   1765 |    122 |      0 |   1436 |   3 |  629.0 |
       Dungeon |   1887 |   1765 |    122 |      0 |   1436 |   3 |  629.0 |
               +--------+--------+--------+--------+--------+-----+--------+

Top non-repeatable levels by time:
     D:1: 953 daAuts
     D:2: 703 daAuts
     D:3: 230 daAuts
